 Dungeon Crawl Stone Soup version 0.21.1-1-g345015f (webtiles) character file.

29345 troglodite the Fighter (level 13, -5/104 HPs)
             Began as a Demonspawn Berserker on Mar 27, 2018.
             Was a High Priest of Trog.
             Killed by divine providence
             ... invoked by Saint Roka
              (11 damage)
             ... on level 2 of the Orcish Mines.
             The game lasted 00:53:20 (17893 turns).

troglodite the Fighter (Demonspawn Berserker)      Turns: 17893, Time: 00:53:21

Health: -5/104     AC: 16    Str: 22    XL:     13   Next: 14%
Magic:  0/13       EV: 21    Int:  9    God:    Trog [*****.]
Gold:   1355       SH: 13    Dex: 23    Spells: 12/12 levels left

rFire    + . .     SeeInvis +   Q - +4 double sword (elec)
rCold    + . .     Gourm    +   P - +1 shield {rPois}
rNeg     + . .     Faith    .   w - +2 ring mail {rN+}
rPois    +         Spirit   +   a - +2 helmet {SInv}
rElec    .         Reflect  .   q - +0 cloak
rCorr    .         Harm     .   H - +0 pair of gloves
MR       ++...                  g - +0 pair of boots
Stlth    ++++......             A - amulet of Ekhurorch {Gourm *Contam rF+ MR++ Str+4}
HPRegen  0.27/turn              N - +4 ring of evasion
MPRegen  0.13/turn              n - ring of protection from cold

@: no status effects
A: hooves 1, thin skeletal structure 3, demonic guardian 1, magic shield
a: Berserk, Trog's Hand, Brothers in Arms, Burn Spellbooks, Renounce Religion


You were on level 2 of the Orcish Mines.
You worshipped Trog.
Trog was extremely pleased with you.
You were very full.

You visited 2 branches of the dungeon, and saw 16 of its levels.
You also visited: Sewer and Ossuary.

You collected 1487 gold pieces.
You spent 132 gold pieces at shops.

Inventory:

Hand Weapons
 i - the +8 great sword of the Tundras {venom, Stlth+}
   (Trog gifted it to you on level 8 of the Dungeon)

   It poisons the flesh of those it strikes.
   It makes you more stealthy.
 v - the +3 flail of Temux {freeze, rElec rN+ SInv}
   (You found it on level 4 of the Dungeon)

   It has been specially enchanted to freeze those struck by it, causing extra
   injury to most foes and up to half again as much damage against particularly
   susceptible opponents.
   It can also slow down cold-blooded creatures.
   It insulates you from electricity.
   It protects you from negative energy.
   It lets you see invisible.
 F - a +1 scimitar of flaming
 K - a +9 falchion of venom
 Q - a +4 double sword of electrocution (weapon)
Armour
 a - a +2 helmet of see invisible (worn)
 g - a +0 pair of boots (worn)
 q - a +0 cloak (worn)
 w - a +2 ring mail of positive energy (worn)
 H - a +0 pair of gloves (worn)
 P - a +1 shield of poison resistance (worn)
Jewellery
 f - an uncursed amulet of rage {unknown}
 h - a cursed amulet of inaccuracy {unknown}
 n - a ring of protection from cold (right hand)
 s - a +3 ring of dexterity
 y - an uncursed ring of fire
 A - the amulet of Ekhurorch (around neck) {Gourm *Contam rF+ MR++ Str+4}
   (You found it on level 5 of the Dungeon)

   [amulet of the gourmand]

   It allows you to eat raw meat even when not hungry.
   It affects your strength (+4).
   It protects you from fire.
   It affects your resistance to hostile enchantments.
   It causes magical contamination when unequipped.
 N - a +4 ring of evasion (left hand)
Wands
 C - a wand of polymorph (25)
 E - a wand of acid (10)
 G - a wand of clouds (4)
 O - a wand of random effects (50)
Scrolls
 d - 9 scrolls of teleportation
 e - 2 scrolls of identify
 o - a scroll of enchant armour {unknown}
 t - 9 scrolls of remove curse
 u - a scroll of blinking
 x - 6 scrolls of magic mapping
 D - 2 scrolls of fog
Potions
 b - 2 potions of ambrosia
 j - 7 potions of curing
 k - a potion of brilliance
 l - 9 potions of might
 m - a potion of flight
 p - 2 potions of lignification
 r - 2 potions of berserk rage
 z - 3 potions of haste
 B - 2 potions of magic
 I - a potion of agility
 J - a potion of heal wounds
 L - 2 potions of invisibility
 M - 2 potions of mutation
Comestibles
 c - 26 rations
 R - 4 chunks of flesh


   Skills:
 * Level 10.7 Fighting
 + Level 8.6 Long Blades
 + Level 8.0 Maces & Flails
 * Level 9.3 Armour
 * Level 8.8 Dodging
 + Level 4.2 Stealth
 * Level 6.6 Shields
 + Level 0.4 Unarmed Combat


You had 12 spell levels left.
You didn't know any spells.

Dungeon Overview and Level Annotations

Branches:
Dungeon (14/15)            Temple (0/1) D:6            Lair (0/6) D:8
    Orc (2/2) D:12         Vaults (0/5) D:13
    Elf: Orc:2

Altars:
Cheibriados
Makhleb
Nemelex Xobeh
Ru
Sif Muna
Trog
Vehumet
Wu Jian
Xom
Yredelemnul
Zin
The Shining One
Beogh

Shops:
D:4 %   D:6 :   D:8 :   D:12 !(   D:13 *   Orc:1 :   Orc:2 =

Annotations:
Orc:2 Saint Roka


Innate Abilities, Weirdness & Mutations

You have large cloven feet.
You have an unnaturally thin skeletal structure. (Dex +6, Stealth++)
A weak demonic guardian rushes to your aid.
When hurt, damage is shared between your health and your magic reserves.


Message History

The orc warrior hits your iron imp with a battleaxe!!
Your iron imp dies!
An orc warrior comes into view. It is wielding a mace.
You see here a giant club.
You block the orc wizard's attack.
Saint Roka invokes the aid of Beogh against you.
Beogh smites you!
* * * LOW HITPOINT WARNING * * *
You see here a trident.
You block the orc wizard's attack. The orc wizard barely misses you.
You riposte.
You hit the orc wizard.
Lightning courses through the orc wizard!
You kill the orc wizard!
Trog accepts your kill.
Trog appreciates your killing of a magic user.
There is a stone staircase leading up here.
The orc warrior no longer looks unusually strong.
Saint Roka mumbles some strange prayers to Beogh against you.
Beogh smites you!
You die...

........# #.....ooo.#
...o....## ###.....##
.#.......o..# ##....##
#.#...........####.#..##
..#.................###
.$......##....o..o#.##
........####.....o..#
#........#.#).o...###
#.........@))o.T..#
#.<.......)....###
#.....5.))....#
#.......)....##
##..........##
####.....### ##.....#
##.#.## #####


You could see Saint Roka, a troll, 3 orc warriors, an orc wizard and a friendly
iron imp.

Vanquished Creatures
  A fire giant (D:9)
  The ghost of Eltigrechino the Carver, a journeyman MiFi of Okawaru (D:11)
  Snorg (D:10)
  A vault guard (D:13)
  A hydra (D:9)
  Erica (D:10)
  4 two-headed ogres
  A deep troll earth mage (D:9)
  2 orc high priests (Orc:1)
  Urug (D:13)
  2 unseen horrors
  The ghost of budo the Covert, a novice KoBe of Trog (D:6)
  A harpy (D:9)
  An orange crystal statue (D:13)
  2 wolf spiders (D:9)
  4 orc sorcerers
  An ugly thing (D:11)
  2 orc knights
  2 manticores (D:13)
  A gargoyle (D:13)
  A troll (D:10)
  A dream sheep (shapeshifter) (D:13)
  3 hippogriffs
  A redback (D:13)
  3 shadows (D:12)
  A wyvern (D:11)
  2 basilisks
  10 yaks
  2 hungry ghosts (D:11)
  3 wargs (Orc:1)
  4 porcupines (D:8)
  3 water moccasins
  3 sky beasts
  Duvessa (D:5)
  A phantom (D:8)
  6 ice beasts
  A black bear (D:11)
  A necrophage (D:13)
  12 orc warriors
  5 ogres
  6 centaurs
  2 crocodiles
  5 big kobolds
  11 bullfrogs
  Dowan (D:5)
  A wyvern skeleton (D:7)
  8 scorpions
  10 wights
  2 jellies
  6 crimson imps
  3 bullfrog zombies
  3 centaur zombies
  2 quasits
  6 hounds
  2 human zombies (Ossuary)
  5 orc priests
  21 orc wizards
  3 bullfrog skeletons
  Jessica (D:2)
  3 iguanas
  12 worker ants
  A killer bee zombie (D:6)
  2 big kobold zombies (Ossuary)
  A centaur simulacrum (D:9)
  A hound zombie (D:7)
  3 mummies (Ossuary)
  Robin (D:2)
  2 hound skeletons
  3 gnolls (D:5)
  13 adders
  5 river rats
  2 shadow imps
  2 oozes
  2 adder zombies
  6 worms
  6 leopard geckos
  37 orcs
  3 giant cockroaches
  4 gnoll zombies (Ossuary)
  14 goblins
  11 hobgoblins
  4 jackals (D:3)
  4 quokkas
  4 ball pythons
  8 bats
  5 frilled lizards
  A goblin zombie (Ossuary)
  2 hobgoblin zombies (Ossuary)
  A jackal skeleton (D:5)
  27 kobolds
  2 kobold zombies (Ossuary)
  A leopard gecko zombie (D:6)
  An orc zombie (Ossuary)
  A quokka zombie (D:7)
  10 rats
398 creatures vanquished.

Vanquished Creatures (collateral kills)
  A two-headed ogre (D:12)
  An ugly thing (D:11)
  An orc sorcerer (Orc:2)
  A steam dragon (D:8)
  3 ogres
  A centaur (D:5)
  A crocodile (D:8)
  A jelly (D:5)
  A wight (D:7)
  A howler monkey (D:5)
  A crimson imp (D:11)
  3 orc priests
  2 orc wizards
  An iguana (D:5)
  A worker ant (D:5)
  A gnoll (D:5)
  3 adders
  8 orcs
  A kobold (Sewer)
  A goblin zombie (Ossuary)
34 creatures vanquished.

Vanquished Creatures (others)
  An orc (Orc:1)
  3 bushes (D:8)
  6 fungi (D:8)
  12 plants (D:8)
22 creatures vanquished.

Grand Total: 454 creatures vanquished

Notes
Turn   | Place    | Note
-------+----------+-------------------------------------------
     0 | D:1      | troglodite the Demonspawn Berserker began the quest for the Orb.
     0 | D:1      | Reached XP level 1. HP: 18/18 MP: 1/1
   223 | D:1      | HP: 1/27 [hobgoblin/club (2)]
   527 | D:1      | Gained mutation: When hurt, damage is shared between your health and your magic reserves. [demonic ancestry]
   527 | D:1      | Reached XP level 2. HP: 16/24 MP: 2/2
  1060 | D:2      | Noticed Robin
  1060 | D:2      | Noticed Jessica
  1074 | D:2      | Killed Robin
  1074 | D:2      | Reached XP level 3. HP: 29/29 MP: 1/3
  1079 | D:2      | Killed Jessica
  1081 | D:2      | Reached XP level 4. HP: 37/37 MP: 1/4
  1082 | D:2      | Reached ** piety under Trog
  1789 | D:2      | Reached skill level 4 in Fighting
  2452 | D:2      | Found a sacrificial altar of Ru.
  3013 | D:3      | Found a burning altar of Makhleb.
  3020 | D:3      | Found a radiant altar of Vehumet.
  3038 | D:3      | Gained mutation: A weak demonic guardian rushes to your aid. [demonic ancestry]
  3038 | D:3      | Reached XP level 5. HP: 37/42 MP: 5/5
  3138 | D:3      | Found a faded altar of an unknown god.
  3330 | D:4      | Noticed an ogre
  3340 | D:4      | Killed an ogre
  3343 | D:4      | Reached XP level 6. HP: 49/49 MP: 6/6
  3850 | D:4      | Got a pitted flail
  3851 | D:4      | Identified the +3 flail of Temux {freeze, rElec rN+ SInv} (You found it on level 4 of the Dungeon)
  3959 | D:4      | Found a sparkling altar of Nemelex Xobeh.
  4136 | D:4      | Reached skill level 1 in Maces & Flails
  4244 | D:4      | Found Hasikuk's Food Emporium.
  4305 | D:4      | You fall through a shaft for 3 floors!
  4331 | D:7      | Reached XP level 7. HP: 55/55 MP: 5/7
  4402 | D:7      | Reached skill level 5 in Fighting
  4406 | D:7      | Reached *** piety under Trog
  4601 | D:6      | Found a deep blue altar of Sif Muna.
  4788 | D:6      | Noticed budo's ghost (novice KoBe)
  4810 | D:6      | Killed budo's ghost
  4810 | D:6      | Reached skill level 5 in Armour
  4810 | D:6      | Gained mutation: You have a somewhat thin skeletal structure. (Dex +2, Stealth) [demonic ancestry]
  4810 | D:6      | Reached XP level 8. HP: 21/64 MP: 2/8
  5123 | D:5      | Entered Level 5 of the Dungeon
  5156 | D:5      | Noticed Duvessa
  5159 | D:5      | Noticed Dowan
  5165 | D:5      | Found a glowing golden altar of the Shining One.
  5194 | D:5      | Got a steaming garnet amulet
  5292 | D:5      | Found a glowing drain.
  5368 | Sewer    | Entered a sewer
  5603 | Sewer    | Reached skill level 6 in Fighting
  5630 | Sewer    | Reached **** piety under Trog
  5779 | D:5      | Killed Duvessa
  5835 | D:5      | Killed Dowan
  5835 | D:5      | Reached skill level 5 in Dodging
  5846 | D:5      | Reached skill level 1 in Stealth
  5956 | D:5      | Gained mutation: You have a moderately thin skeletal structure. (Dex +4, Stealth+) [demonic ancestry]
  5956 | D:5      | Reached XP level 9. HP: 69/69 MP: 9/9
  6370 | D:5      | Reached skill level 5 in Maces & Flails
  6848 | D:6      | Found Veol's Book Emporium.
  6929 | D:6      | Found a staircase to the Ecumenical Temple.
  7111 | D:6      | Identified the amulet of Ekhurorch {Gourm *Contam rF+ MR++ Str+4} (You found it on level 5 of the Dungeon)
  7355 | D:6      | Noticed a moth of wrath
  7358 | D:6      | Found a bloodstained altar of Trog.
  7868 | D:7      | Reached skill level 7 in Fighting
  8199 | D:7      | Found a shimmering altar of Xom.
  8210 | D:7      | Found an ornate altar of the Wu Jian Council.
  8282 | D:8      | Reached ***** piety under Trog
  8326 | D:8      | Found a sand-covered staircase.
  8336 | Ossuary  | Entered an ossuary
  8797 | D:8      | Reached XP level 10. HP: 76/79 MP: 10/10
  8841 | D:8      | Found a snail-covered altar of Cheibriados.
  8847 | D:8      | Found a basalt altar of Yredelemnul.
  8849 | D:8      | Noticed a two-headed ogre
  8861 | D:8      | Killed a two-headed ogre
  9123 | D:8      | Found Moacsamo's Book Shop.
  9130 | D:8      | Reached skill level 8 in Fighting
  9412 | D:8      | Received a gift from Trog
  9415 | D:8      | Got a jewelled great sword {god gift}
  9436 | D:8      | Identified the +8 great sword of the Tundras {venom, Stlth+} (Trog gifted it to you on level 8 of the Dungeon)
  9439 | D:8      | Found a glowing golden altar of the Shining One.
  9441 | D:8      | Found a glowing silver altar of Zin.
  9588 | D:8      | Found a staircase to the Lair.
  9608 | D:8      | Reached skill level 5 in Long Blades
 10227 | D:9      | Found a runed door.
 10227 | D:9      | Noticed a wolf spider
 10227 | D:9      | Noticed an orc knight
 10227 | D:9      | Noticed a deep troll earth mage
 10228 | D:9      | Noticed a fire giant
 10230 | D:9      | Noticed a harpy
 10230 | D:9      | Noticed a six-headed hydra
 10230 | D:9      | Noticed a wolf spider
 10573 | D:9      | Killed a wolf spider
 10580 | D:9      | Killed a fire giant
 10580 | D:9      | Reached skill level 1 in Shields
 10580 | D:9      | Gained mutation: You have large cloven feet. [demonic ancestry]
 10580 | D:9      | Reached XP level 11. HP: 36/87 MP: 5/11
 10791 | D:9      | Killed a deep troll earth mage
 10845 | D:9      | Killed a wolf spider
 11230 | D:9      | Killed a six-headed hydra
 11312 | D:9      | Killed a harpy
 11312 | D:9      | Reached skill level 9 in Fighting
 11393 | D:9      | Killed an orc knight
 11761 | D:10     | Entered Level 10 of the Dungeon
 11798 | D:10     | Noticed Erica
 11808 | D:10     | Killed Erica
 12173 | D:10     | Identified a scroll of acquirement
 12495 | D:10     | Noticed an unseen horror
 12504 | D:10     | Killed an unseen horror
 12592 | D:10     | Found a radiant altar of Vehumet.
 12725 | D:10     | Noticed Snorg
 12734 | D:10     | Killed Snorg
 13062 | D:11     | Noticed a green ugly thing
 13074 | D:11     | Killed a green ugly thing
 13074 | D:11     | Received a gift from Trog
 13449 | D:11     | Noticed Eltigrechino's ghost (journeyman MiFi)
 13466 | D:11     | Gained mutation: You have an unnaturally thin skeletal structure. (Dex +6, Stealth++) [demonic ancestry]
 13466 | D:11     | Reached XP level 12. HP: 21/96 MP: 1/12
 13809 | D:11     | Killed Eltigrechino's ghost
 14518 | D:12     | Found Zagume's Distillery.
 14521 | D:12     | Bought a potion of ambrosia for 88 gold pieces
 14521 | D:12     | Bought a potion of brilliance for 44 gold pieces
 14596 | D:12     | Found Xefezeh's Weapon Shoppe.
 14602 | D:12     | Found a staircase to the Orcish Mines.
 14856 | D:12     | Noticed a two-headed ogre
 14864 | D:12     | Killed a two-headed ogre
 14864 | D:12     | Reached skill level 5 in Shields
 15169 | D:12     | Noticed a two-headed ogre
 15176 | D:12     | Killed a two-headed ogre
 15176 | D:12     | Reached skill level 10 in Fighting
 15484 | D:13     | Found Wuddis's General Store.
 15485 | D:13     | Noticed Urug
 15486 | D:13     | Received a gift from Trog
 15501 | D:13     | Killed Urug
 15658 | D:13     | Found a gate to the Vaults.
 15658 | D:13     | Noticed a vault guard
 15670 | D:13     | Killed a vault guard
 16015 | D:13     | Noticed a two-headed ogre
 16017 | D:13     | Killed a two-headed ogre
 16116 | D:13     | Noticed a two-headed ogre
 16132 | D:13     | Killed a two-headed ogre
 16633 | D:14     | Noticed a centaur warrior
 16637 | D:14     | Noticed a five-headed hydra
 16740 | Orc:1    | Entered Level 1 of the Orcish Mines
 16758 | Orc:1    | Found Zioth's Book Boutique.
 16965 | Orc:1    | Noticed an orc high priest
 16971 | Orc:1    | Noticed an orc high priest
 16987 | Orc:1    | Killed an orc high priest
 16987 | Orc:1    | Reached XP level 13. HP: 104/104 MP: 10/13
 17007 | Orc:1    | Found a roughly hewn altar of Beogh.
 17813 | Orc:2    | Entered Level 2 of the Orcish Mines
 17871 | Orc:2    | Found Vaikeasu's Jewellery Shop.
 17873 | Orc:2    | Noticed Saint Roka
 17893 | Orc:2    | Killed from afar by Saint Roka

Skill      XL: |  1  2  3  4  5  6  7  8  9 10 11 12 |
---------------+-------------------------------------+-----
Dodging        | 2 3 4 5 6 7 8 |  8.8
Long Blades    | 3 4 5 6 8 |  8.6
Armour         | 2 3 5 6 7 8 9 |  9.3
Fighting       | 4 5 6 7 8 9 10 | 10.7
Maces & Flails | 1 3 4 6 7 8 |  8.0
Stealth        | 1 2 3 4 |  4.2
Shields        | 1 4 6 |  6.6
Unarmed Combat | |  0.4

Action                   |  1- 3 |  4- 6 |  7- 9 | 10-12 | 13-15 || total
-------------------------+-------+-------+-------+-------+-------++-------
Melee: Falchion          |    63 |   194 |       |   420 |       ||   677
       Flail             |       |    23 |   451 |   103 |       ||   577
       Unarmed           |       |       |    10 |       |       ||    10
       Great sword       |       |       |       |    38 |       ||    38
       Double sword      |       |       |       |    67 |    61 ||   128
Invok: Berserk           |     2 |     4 |     5 |    21 |     1 ||    33
       Burn Spellbooks   |       |       |       |     3 |     1 ||     4
       Brothers in Arms  |       |       |       |     2 |     2 ||     4
  Use: Scroll            |       |       |     4 |    29 |       ||    33
       Potion            |       |       |       |     2 |       ||     2
 Stab: Sleeping          |     1 |       |     2 |    10 |       ||    13
       Distracted        |       |       |     5 |     9 |       ||    14
  Eat: Chunk             |     2 |    11 |    22 |    54 |     5 ||    94
       Ration            |       |     1 |     1 |       |       ||     2
Armor: Animal skin       |    18 |     1 |       |       |       ||    19
       Ring mail         |       |    71 |   206 |   168 |    17 ||   462
       Leather armour    |       |    19 |       |       |       ||    19
Dodge: Dodged            |    51 |   123 |   435 |   372 |    42 ||  1023
Block: Shield            |       |       |       |   356 |    57 ||   413
       Rpst.: Falchion   |    19 |    37 |       |    53 |       ||   109
       Great sword       |       |       |       |    12 |       ||    12
       Double sword      |       |       |       |    14 |    17 ||    31
